 Dungeon Crawl Stone Soup version 0.29.1-13-g9f3cf754e1 (webtiles) character file.

Game seed: 17359190716247316161

30510 Monometer the Cleaver (level 13, -1/86 (88) HPs)
             Began as a Minotaur Fighter on Jan 30, 2023.
             Was a High Priest of Ru.
             Splashed with acid (26 damage)
             ... on level 1 of the Pits of Slime.
             The game lasted 01:03:34 (12524 turns).

Monometer the Cleaver (Minotaur Fighter)           Turns: 12524, Time: 01:03:34

HP:   -1/86 (88)    AC: 18    Str: 26    XL:     13   Next: 21%
MP:   12/12         EV: 20    Int: 13    God:    Ru [*****.]
Gold: 814           SH: 16    Dex: 10    Spells: 12/12 levels left

rFire   x x .      SeeInvis .   N - +8 war axe of Conflict {spect, rC+ Int+4}
rCold   + . .      Faith    .   v - +1 tower shield
rNeg    . . .      Spirit   .   G - +2 scale mail {rPois}
rPois   +          Reflect  .   (helmet restricted)
rElec   .          Harm     .   (no cloak)
rCorr   .          Rampage  .   i - +1 pair of gloves {Stlth+}
Will    +....                   e - +2 pair of boots
Stlth   ++........              l - amulet of the acrobat
HPRegen 0.24/turn               L - ring "Quler" {rPois Slay+4}
MPRegen 0.13/turn               K - ring of the Philosopher {Ice Will+ Str+4}

@: acrobatic, lightly drained, unable to read, unable to drink, very slow
A: horns 2, screaming 1, inability to drink after injury 2, inability to read
after injury 2, reduced EV 1, temperature sensitive, retaliatory headbutt,
talons 1, iridescent scales 1, frail 2
a: Renounce Religion, Draw Out Power, Power Leap, Apocalypse


You were on level 1 of the Pits of Slime.
You worshipped Ru.
Ru was extremely pleased with you.
You visited 4 branches of the dungeon, and saw 14 of its levels.
You also visited: Ossuary, Gauntlet and Ice Cave.

You collected 814 gold pieces.

Inventory:

Hand Weapons
 a - a +1 war axe
 g - a +0 great sword
 h - a +0 falchion of holy wrath
 B - a +3 great sword
 N - the +8 war axe of Conflict (weapon) {spect, rC+ Int+4}
   (You took it off a minotaur in a Gauntlet)

   When its wielder attacks, the weapon's spirit leaps out and strikes again.
   The spirit shares a part of any damage it takes with its wielder.
   Int:       It affects your intelligence (+4).
   rC:        It protects you from cold.
Missiles
 j - 3 javelins (quivered)
 n - 8 poisoned darts
 o - a throwing net
 H - a curare-tipped dart
 J - 3 atropa-tipped darts
 O - 4 silver javelins
Armour
 b - a +0 scale mail
 c - a +0 buckler
 e - a +2 pair of boots (worn)
 i - a +1 pair of gloves of stealth (worn)
 m - a +1 robe of willpower
 v - a +1 tower shield (worn)
 G - a +2 scale mail of poison resistance (worn)
 P - a +0 plate armour
 S - a +1 crystal plate armour of cold resistance
Jewellery
 d - a ring of poison resistance
 l - an amulet of the acrobat (around neck)
 A - a +4 ring of protection
 I - a ring of wizardry
 K - the ring of the Philosopher (right hand) {Ice Will+ Str+4}
   (You found it in a Gauntlet)

   [ring of ice]

   It enhances your ice magic.
   Str:       It affects your strength (+4).
   rF:        It makes you vulnerable to fire.
   rC:        It protects you from cold.
   Will:      It increases your willpower.
 L - the ring "Quler" (left hand) {rPois Slay+4}
   (You found it in a Gauntlet)

   [ring of slaying]

   Slay:      It affects your accuracy & damage with ranged weapons and melee
   (+4).
   rPois:     It protects you from poison.
 U - a ring of see invisible
 X - a ring of protection from fire
Wands
 p - a wand of mindburst (1)
 q - a wand of digging (17)
 R - a wand of iceblast (5)
 Y - a wand of quicksilver (1)
Scrolls
 k - 8 scrolls of teleportation
 s - 3 scrolls of poison
 x - a scroll of amnesia
 z - 2 scrolls of fear
 F - 2 scrolls of butterflies
 Q - a scroll of enchant weapon
 V - a scroll of vulnerability {unknown}
Potions
 f - a potion of resistance
 r - a potion of brilliance
 t - a potion of invisibility
 u - 8 potions of cancellation
 w - 4 potions of curing
 C - 2 potions of haste
 D - a potion of heal wounds
 E - 3 potions of attraction {unknown}
 W - a potion of might


   Skills:
 * Level 9.6 Fighting
 * Level 7.7 Long Blades
 * Level 13.9 Axes
 * Level 6.4 Throwing
 * Level 9.5 Armour
 * Level 7.5 Dodging
 * Level 6.0 Stealth
 * Level 10.3 Shields
 * Level 5.7 Evocations


You had 12 spell levels left.
You didn't know any spells.
Your spell library contained the following spells:

 Spells                   Type           Power      Damage    Failure   Level
 Gell's Gravitas          Tloc           0%         N/A       100%        3
 Lesser Beckoning         Tloc           0%         N/A       100%        3
 Teleport Other           Tloc           0%         N/A       100%        3
 Airstrike                Air            0%         2d(0-16)  100%        4
 Olgreb's Toxic Radiance  Pois           0%         N/A       100%        4
 Summon Lightning Spire   Summ/Air       0%         N/A       100%        4
 Lightning Bolt           Conj/Air       0%         1d11      100%        5
 Ozocubu's Refrigeration  Ice            0%         4d7       100%        7
 Ignition                 Fire           0%         3d3       100%        8


Dungeon Overview and Level Annotations

Branches:
Dungeon (8/15)             Temple (1/1) D:5            Lair (4/5) D:8
  Slime (1/5) Lair:4      Ossuary (visited)           IceCv (visited)
Gauntlet (visited)
  Swamp: Lair:2-3    Shoals: Lair:2-3     Snake: Lair:2-3    Spider: Lair:2-3

Altars:
Ashenzari
Cheibriados
Dithmenos
Elyvilon
Fedhas
Gozag
Hepliaklqana
Kikubaaqudgha
Makhleb
Nemelex Xobeh
Okawaru
Qazlal
Ru
Sif Muna
Uskayaw
Wu Jian
Yredelemnul
Zin
Jiyva

Shops:
D:8 (


Innate Abilities, Weirdness & Mutations

You have a pair of horns on your head.
You occasionally shout uncontrollably at your foes.
You sometimes lose the ability to drink potions when taking damage.
You sometimes lose the ability to read scrolls when taking damage.
You have somewhat slow reflexes. (EV -5)
You are sensitive to extremes of temperature. (rF-, rC-)
You reflexively headbutt those who attack you in melee.
You have sharp toenails.
You are partially covered in iridescent scales. (AC +2)
You are very frail. (-20% HP)


Message History

Unknown command.
You slice the azure jelly!! You headbutt the azure jelly.
The azure jelly is almost dead.
Your +8 war axe of Conflict {spect, rC+ Int+4} hits the azure jelly!
A slime creature comes into view.
The azure jelly misses your +8 war axe of Conflict {spect, rC+ Int+4}.
The azure jelly hits your +8 war axe of Conflict {spect, rC+ Int+4} but does no damage.
The azure jelly hits your +8 war axe of Conflict {spect, rC+ Int+4}.
Your spectral weapon shares its damage with you!
The azure jelly misses your +8 war axe of Conflict {spect, rC+ Int+4}.
You completely miss the azure jelly. Your headbutt misses the azure jelly.
The azure jelly is almost dead.
Your +8 war axe of Conflict {spect, rC+ Int+4} barely misses the azure jelly.
You can drink potions again.
The wall burns your +8 war axe of Conflict {spect, rC+ Int+4}! x2
A slime creature comes into view.
You block the azure jelly's attack. x2
The azure jelly hits you but does no damage.
The azure jelly hits you.
* * * LOW HITPOINT WARNING * * *
You focus your inner power and illuminate the azure jelly in retribution!
The wall burns your +8 war axe of Conflict {spect, rC+ Int+4}!
You slice the azure jelly!!
You kill the azure jelly!
Two slime creatures merge to form a large slime creature.
A slime creature comes into view.
You yell at the slime creature!
Two slime creatures merge to form a large slime creature.
The slime creature quivers.
You can read scrolls again.
Blink to where?
Press: ? - help, Dir - move target Splash!
You fall into the shallow water.
Moving in this stuff is going to be slow.
As you read the scroll of blinking, it crumbles to dust.
You are splashed with acid!!
You feel threatened and lose the ability to read scrolls!
You feel threatened and lose the ability to drink potions!
You die...

#### #######
~#@~#####.....##
#~~~~~~#.....J...##
##~~~~...ยง...JJ...#
.
#~~(~~....<..#....#..
##~~~~~#.....##......
########...###......
######.....(.
#.......# .......###


There were no monsters in sight!

Vanquished Creatures
  2 acid blobs (Slime:1)
  Gastronok (Lair:2)
  A rockslime (Slime:1)
  An azure jelly (Slime:1)
  A minotaur (Gauntlet)
  2 hydras
  2 oklob plants (Lair:3)
  A shining eye (Slime:1)
  3 black mambas
  An ice statue (IceCv)
  6 cane toads
  A freezing wraith (IceCv)
  2 komodo dragons
  2 anaconda simulacra (IceCv)
  14 ice devils (IceCv)
  12 blink frogs
  3 slime creatures (Slime:1)
  A dire elephant simulacrum (IceCv)
  The ghost of sigtrap the Sneak, an amateur KoEn (D:4)
  5 shadows (Gauntlet)
  16 yaks
  2 wyverns
  2 neqoxecs (Gauntlet)
  6 death yak simulacra (IceCv)
  A harpy simulacrum (IceCv)
  A small abomination (Gauntlet)
  8 water moccasins
  Duvessa (D:6)
  4 hydra simulacra (IceCv)
  An orc warrior (D:8)
  2 ice beasts
  2 black bears
  A sky beast (D:7)
  2 ogres (D:7)
  3 centaurs
  A kobold brigand (D:8)
  2 necrophages
  8 bullfrogs
  3 cane toad simulacra (IceCv)
  A two-headed ogre simulacrum (IceCv)
  2 scorpions (D:6)
  9 wights
  Dowan (D:6)
  9 killer bees
  3 elephant simulacra (IceCv)
  7 howler monkeys
  2 jellies
  2 hounds
  3 orc priests
  Natasha (thrice) (D:2)
  4 orc wizards
  A spriggan simulacrum (IceCv)
  2 troll simulacra (IceCv)
  A polar bear simulacrum (IceCv)
  6 wolf simulacra (IceCv)
  11 mummies (Ossuary)
  3 gnolls (D:2)
  4 adders
  A naga simulacrum (IceCv)
  2 shadow imps
  3 white imps
  3 ufetubi
  4 worms
  3 dart slugs
  63 orcs
  5 ball pythons
  6 endoplasms
  A giant cockroach (D:3)
  9 goblins
  9 hobgoblins
  9 jackals
  19 kobolds
  5 quokkas
  4 bats
  3 frilled lizards
  A gnoll skeleton (Ossuary)
  4 goblin skeletons (Ossuary)
  A kobold skeleton (Ossuary)
  2 orc skeletons (Ossuary)
  A quokka zombie (D:7)
  2 rats (D:2)
  11 rat skeletons (Ossuary)
  A rat zombie (D:7)
374 creatures vanquished.

Vanquished Creatures (collateral kills)
  A wretched star (Gauntlet)
  2 yaks (D:8)
  A kobold (D:8)
4 creatures vanquished.

Vanquished Creatures (others)
  A necromancer (IceCv)
  A blink frog (Lair:3)
  An elephant simulacrum (IceCv)
  2 mummies (Ossuary)
  12 fungi
  25 plants
42 creatures vanquished.

Grand Total: 420 creatures vanquished

Notes
Turn   | Place    | Note
-------+----------+-------------------------------------------
     0 | D:1      | Monometer the Minotaur Fighter began the quest for the Orb.
     0 | D:1      | Reached XP level 1. HP: 19/19 MP: 0/0
   114 | D:1      | Reached XP level 2. HP: 23/27 MP: 1/1
   434 | D:2      | Reached XP level 3. HP: 33/33 MP: 2/2
   594 | D:3      | Reached skill level 3 in Axes
   596 | D:3      | Reached skill level 1 in Dodging
   596 | D:3      | Reached skill level 1 in Stealth
   596 | D:3      | Reached XP level 4. HP: 25/40 MP: 3/3
   900 | D:4      | Found a runed translucent door.
   902 | D:4      | Noticed sigtrap's ghost (amateur KoEn)
   947 | D:4      | Killed sigtrap's ghost
   948 | D:4      | Reached skill level 1 in Long Blades
   948 | D:4      | Reached skill level 4 in Axes
   948 | D:4      | Reached XP level 5. HP: 32/47 MP: 4/4
   948 | D:4      | Reached XP level 6. HP: 36/53 MP: 5/5
  1188 | D:5      | Entered Level 5 of the Dungeon
  1206 | D:5      | Found a staircase to the Ecumenical Temple.
  1228 | Temple   | Entered the Ecumenical Temple
  1324 | Temple   | Became a worshipper of Ru the Awakened
  1421 | D:5      | Reached skill level 5 in Armour
  1470 | D:5      | Reached skill level 5 in Axes
  1664 | D:5      | Gained mutation: You are weak. (Str -2) [potion of
                  | mutation]
  1664 | D:5      | Gained mutation: You expend magic power (3 MP) to
                  | strengthen your wands. [potion of mutation]
  1664 | D:5      | Gained mutation: You are partially covered in iridescent
                  | scales. (AC +2) [potion of mutation]
  1664 | D:5      | Gained mutation: You are mostly covered in iridescent
                  | scales. (AC +4) [potion of mutation]
  1742 | D:5      | Reached XP level 7. HP: 60/60 MP: 6/6
  1744 | D:5      | Reached skill level 5 in Fighting
  2245 | D:5      | Reached skill level 6 in Axes
  3060 | D:4      | Gained mutation: You are sensitive to extremes of
                  | temperature. (rF-, rC-) [Ru sacrifice]
  3060 | D:4      | Reached * piety under Ru
  3060 | D:4      | Reached ** piety under Ru
  3591 | D:3      | Found a glowing silver altar of Zin.
  3620 | D:3      | HP: 2/61 [orc priest/nerve-wracking pain (6)]
  4220 | D:3      | Found a white marble altar of Elyvilon.
  4560 | D:3      | Found a faded altar of an unknown god.
  4955 | D:2      | Reached skill level 1 in Throwing
  5027 | D:2      | Noticed Natasha
  5033 | D:2      | Killed Natasha
  5304 | D:2      | Noticed Natasha
  5314 | D:2      | Killed Natasha
  5384 | D:2      | Noticed Natasha
  5392 | D:2      | Killed Natasha
  5794 | D:1      | You fall into a shaft and drop 1 floor!
  6208 | D:6      | Noticed Dowan
  6213 | D:6      | Noticed Duvessa
  6214 | D:6      | Gained mutation: You occasionally lose the ability to drink
                  | potions when taking damage. [Ru sacrifice]
  6214 | D:6      | Gained mutation: You sometimes lose the ability to drink
                  | potions when taking damage. [Ru sacrifice]
  6214 | D:6      | Reached *** piety under Ru
  6225 | D:6      | Reached XP level 8. HP: 60/65 MP: 3/7
  6226 | D:6      | Killed Duvessa
  6227 | D:6      | Reached skill level 5 in Shields
  6238 | D:6      | Killed Dowan
  6239 | D:6      | Reached skill level 1 in Evocations
  6250 | D:6      | Reached skill level 7 in Axes
  6403 | D:6      | Lost mutation: You are mostly covered in iridescent scales.
                  | (AC +4) [potion of mutation]
  6403 | D:6      | Lost mutation: You expend magic power (3 MP) to strengthen
                  | your wands. [potion of mutation]
  6403 | D:6      | Lost mutation: You are weak. (Str -2) [potion of mutation]
  6403 | D:6      | Gained mutation: You are frail. (-10% HP) [potion of
                  | mutation]
  6403 | D:6      | Gained mutation: Your movements are slightly less
                  | encumbered by armour. (ER -2) [potion of mutation]
  7174 | D:7      | Reached XP level 9. HP: 46/64 MP: 8/8
  7237 | D:7      | Reached skill level 8 in Axes
  7248 | D:7      | Found a sand-covered staircase.
  7276 | Ossuary  | Entered an ossuary
  8048 | D:8      | Gained mutation: You occasionally lose the ability to read
                  | scrolls when taking damage. [Ru sacrifice]
  8048 | D:8      | Gained mutation: You sometimes lose the ability to read
                  | scrolls when taking damage. [Ru sacrifice]
  8048 | D:8      | Reached **** piety under Ru
  8048 | D:8      | Reached ***** piety under Ru
  8051 | D:8      | Found a staircase to the Lair.
  8073 | D:8      | Found Ladd's Weapon Boutique.
  8112 | D:8      | Reached skill level 9 in Axes
  8194 | D:8      | Reached XP level 10. HP: 41/75 MP: 9/9
  8858 | Lair:1   | Entered Level 1 of the Lair of Beasts
  8882 | Lair:1   | Found a gate leading to a gauntlet.
  8898 | Lair:1   | Reached skill level 10 in Axes
  8898 | Lair:1   | Reached skill level 5 in Dodging
  8900 | Gauntlet | Entered a Gauntlet
  8900 | Gauntlet | Found a transporter.
  8903 | Gauntlet | Found a transporter.
  8905 | Gauntlet | Noticed a blizzard demon
  8906 | Gauntlet | Found a transporter.
  8907 | Gauntlet | Found a transporter.
  8908 | Gauntlet | Noticed a wretched star
  8910 | Gauntlet | Found a transporter.
  8911 | Gauntlet | Found a transporter.
  8919 | Gauntlet | Found a transporter.
  8920 | Gauntlet | Found a transporter.
  8920 | Gauntlet | Noticed an obsidian statue
  8943 | Gauntlet | Noticed a sixfirhy
  8944 | Gauntlet | Found a transporter.
  8944 | Gauntlet | Noticed a sixfirhy
  8959 | Gauntlet | Found a transporter.
  8963 | Gauntlet | Found a transporter.
  8972 | Gauntlet | Found a transporter.
  9224 | Gauntlet | Identified the ring of the Philosopher {Ice Will+ Str+4}
  9225 | Gauntlet | Gained mutation: You sometimes lose your temper in combat.
                  | [a neqoxec]
  9227 | Gauntlet | Gained mutation: You are weak. (Str -2) [a neqoxec]
  9236 | Gauntlet | Killed a wretched star
  9325 | Gauntlet | Reached skill level 5 in Long Blades
  9490 | Gauntlet | Identified the ring "Quler" {rPois Slay+4}
  9557 | Gauntlet | Lost mutation: Your movements are slightly less encumbered
                  | by armour. (ER -2) [potion of mutation]
  9557 | Gauntlet | Lost mutation: You sometimes lose your temper in combat.
                  | [potion of mutation]
  9557 | Gauntlet | Lost mutation: You are weak. (Str -2) [potion of mutation]
  9557 | Gauntlet | Gained mutation: You have sharp toenails. [potion of
                  | mutation]
  9557 | Gauntlet | Gained mutation: You are very frail. (-20% HP) [potion of
                  | mutation]
  9560 | Gauntlet | Identified the +8 war axe of Conflict {spect, rC+ Int+4}
  9560 | Gauntlet | Noticed a minotaur
  9565 | Gauntlet | Killed a minotaur
  9914 | Lair:1   | Noticed a cane toad
  9918 | Lair:1   | Noticed a five-headed hydra
  9921 | Lair:1   | Killed a cane toad
  9928 | Lair:1   | Killed a seven-headed hydra
  9929 | Lair:1   | Reached skill level 11 in Axes
  9929 | Lair:1   | Reached XP level 11. HP: 64/73 MP: 1/10
  9966 | Lair:1   | Noticed a death yak
  9969 | Lair:1   | Noticed a death yak
  9969 | Lair:1   | Noticed a death yak
  9970 | Lair:1   | Noticed a death yak
 10021 | Lair:2   | Found a frozen archway.
 10029 | Lair:2   | Gained mutation: You occasionally shout uncontrollably at
                  | your foes. [Ru sacrifice]
 10049 | IceCv    | Entered an ice cave
 10536 | IceCv    | Found an ancient bone altar of Kikubaaqudgha.
 10541 | IceCv    | Reached skill level 12 in Axes
 10541 | IceCv    | Reached skill level 5 in Throwing
 10541 | IceCv    | Reached skill level 5 in Stealth
 10642 | IceCv    | Noticed a necromancer
 10646 | IceCv    | Killed a necromancer
 10647 | IceCv    | Reached XP level 12. HP: 73/77 MP: 3/11
 10937 | IceCv    | Identified the +2 helmet "Vemal" {+Inv Str+3}
 11052 | Lair:2   | Noticed an eight-headed hydra
 11066 | Lair:2   | HP: 1/78 [17-headed hydra (5)]
 11067 | Lair:2   | Killed a 17-headed hydra
 11147 | Lair:2   | Noticed Gastronok
 11159 | Lair:2   | Killed Gastronok
 11395 | Lair:3   | Reached skill level 5 in Evocations
 11826 | Lair:3   | Reached skill level 13 in Axes
 12259 | Lair:4   | Gained mutation: You have somewhat slow reflexes. (EV -5)
                  | [Ru sacrifice]
 12277 | Lair:4   | Found a viscous altar of Jiyva.
 12277 | Lair:4   | Found a staircase to the Slime Pits.
 12318 | Lair:4   | Reached skill level 10 in Shields
 12338 | Slime:1  | Entered Level 1 of the Pits of Slime
 12347 | Slime:1  | Noticed an acid blob
 12357 | Slime:1  | Killed an acid blob
 12358 | Slime:1  | Reached XP level 13. HP: 33/84 MP: 4/12
 12361 | Slime:1  | Noticed an acid blob
 12365 | Slime:1  | Killed an acid blob
 12401 | Slime:1  | Noticed a rockslime
 12407 | Slime:1  | Killed a rockslime
 12509 | Slime:1  | Noticed an azure jelly
 12518 | Slime:1  | Killed an azure jelly
 12524 | Slime:1  | Splashed with acid

Illustrated notes

Levels and vault maps discovered:
D:1:      zaba_arrival_water, layout_basic
D:2:      layout_loops_ring, uniq_natasha
D:3:      corexii_shack_village, layout_basic, nicolae_elyvilon_temple_path,
          mainiacjoe_overflow_six_doors_small,
          shapermc_ecumenical_altar_mp_vishouse
D:4:      layout_gridville, ebering_ghost_reflecting_pool
D:5:      layout_layer_cave, minmay_temple_entry_offerings
D:6:      layout_basic, minmay_crystal_room, solitary_fountain, uniq_duvessa
D:7:      layout_rooms, enter_ossuary_4, hex_intersection
D:8:      layout_cave_pools, lair_entry_dummy, special_room [special_room_orc],
          serial_shops, nicolae_shop_bloodbath_and_beyond
Temple:   minmay_temple_bridge_d
Lair:1:   layout_chaotic_city, gauntlet_entry_generic, basic_altar,
          grunt_megastairs_1, infiniplex_staircase_pool_2
Lair:2:   layout_cave_pods, minmay_swamp_entry_worms,
          nicolae_spider_entry_orb_guardian, portal_ice_cave_entry_pillars_1,
          minivault_24, minmay_holes, st_stairs_9, uniq_harold, uniq_gastronok,
          uniq_maggie
Lair:3:   dpeg_oklob_gauntlet, layout_big_grid
Lair:4:   layout_cave_pods, dpeg_slime_entry_enclosed, minivault_19
Slime:1:  layout_caves, nicolae_slime_phagocytosis

Skill      XL: |  1  2  3  4  5  6  7  8  9 10 11 12 13 |
---------------+----------------------------------------+-----
Fighting       | 4 5 6 7 8 9 |  9.6
Armour         | 4 5 6 7 8 9 |  9.5
Shields        | 4 6 7 8 9 10 | 10.3
Axes           | 3 4 5 6 7 9 11 12 13 | 13.9
Dodging        | 1 2 3 4 5 6 7 |  7.5
Stealth        | 1 2 3 4 5 6 |  6.0
Long Blades    | 1 2 3 4 5 6 7 |  7.7
Throwing       | 1 2 3 4 5 6 |  6.4
Evocations     | 1 2 3 4 5 |  5.7

Action                   |  1- 3 |  4- 6 |  7- 9 | 10-12 | 13-15 || total
-------------------------+-------+-------+-------+-------+-------++-------
Melee: War axe           |    45 |    59 |   407 |   190 |     8 ||   709
       Headbutt          |     2 |    10 |    65 |    45 |     3 ||   125
       Falchion          |       |     6 |    12 |       |       ||    18
Throw: Boomerang         |       |       |    27 |       |       ||    27
       Javelin           |       |       |    13 |    50 |     3 ||    66
Invok: Sacrifice Drink   |       |       |     1 |       |       ||     1
       Sacrifice Resista |       |       |     1 |       |       ||     1
       Draw Out Power    |       |       |     3 |     2 |       ||     5
       Sacrifice Words   |       |       |     1 |       |       ||     1
       Apocalypse        |       |       |       |    10 |     1 ||    11
       Sacrifice Purity  |       |       |       |     1 |       ||     1
       Power Leap        |       |       |       |     1 |       ||     1
       Sacrifice Health  |       |       |       |     1 |       ||     1
Evoke: Wand              |       |       |     9 |     6 |     1 ||    16
  Use: Scroll            |     1 |     4 |    12 |     6 |     2 ||    25
       Potion            |       |     2 |     4 |     2 |     1 ||     9
 Stab: Sleeping          |       |       |    15 |       |       ||    15
       Distracted        |       |       |     1 |     5 |       ||     6
       Paralysed         |       |       |       |     6 |       ||     6
Armor: Scale mail        |    42 |    38 |     9 |    60 |     2 ||   151
       Robe              |       |       |   192 |     5 |       ||   197
Dodge: Dodged            |    33 |    35 |   213 |    66 |       ||   347
Block: Buckler           |    16 |     9 |    26 |       |       ||    51
       Tower shield      |       |       |   248 |   127 |     3 ||   378
